 Dungeon Crawl Stone Soup version 0.20.1-1-g8b1a95d (webtiles) character file.

768 manyhoops the Gusty (level 7, -1/50 HPs)
             Began as a Demigod Air Elementalist on Aug 22, 2017.
             Slain by a hobgoblin (5 damage)
             ... on level 5 of the Dungeon.
             The game lasted 00:12:32 (5567 turns).

manyhoops the Gusty (Demigod Air Elementalist)      Turns: 5567, Time: 00:12:33

Health: -1/50      AC:  4    Str: 11    XL:     7   Next: 27%
Magic:  16/16      EV: 12    Int: 21    God:
Gold:   210        SH:  0    Dex: 16    Spells: 4/14 levels left

rFire    + + .     SeeInvis +   v - +2 flail (protect)
rCold    . . .     Gourm    .   (no shield)
rNeg     . . .     Faith    .   a - +0 robe
rPois    +         Spirit   .   (no helmet)
rElec    .         Reflect  .   r - scarf {rC+ rF+}
rCorr    .         Harm     .   x - +1 pair of gloves
MR       .....                  (no boots)
Stlth    ++........             t - amulet of rage
Regen    0.2/turn               o - ring of fire
MPRegen  0.2/turn               w - ring of poison resistance

@: no status effects
A: see invisible, high mp 1, sense surroundings 1, screaming 1, weak 1, wild
magic 1
a: Evoke Berserk Rage


You were on level 5 of the Dungeon.
You were hungry.

You visited 1 branch of the dungeon, and saw 5 of its levels.

You collected 210 gold pieces.

Inventory:

Hand Weapons
 v - a +2 flail of protection (weapon)
Armour
 a - a +0 robe (worn)
 r - a scarf of resistance (worn)
 x - a +1 pair of gloves (worn)
Jewellery
 o - a ring of fire (left hand)
 t - an amulet of rage (around neck)
 w - a ring of poison resistance (right hand)
Wands
 e - a wand of random effects (20/48)
Scrolls
 d - 2 scrolls of teleportation
 g - 2 scrolls of fear
 h - 3 scrolls of enchant weapon
 i - a scroll of fog
 l - 2 scrolls of remove curse
 p - a scroll of magic mapping {unknown}
 u - 2 scrolls of immolation
 y - a scroll of blinking {unknown}
Potions
 f - 4 potions of curing
 k - 2 potions of lignification
 m - a potion of haste
 s - a potion of cancellation {unknown}
 z - a potion of invisibility {unknown}
 A - a potion of mutation {unknown}
 B - a potion of berserk rage {unknown}
Books
 b - a book of Air

   Spells                             Type                      Level
   a - Shock                          Conjuration/Air              1
   b - Swiftness                      Charms/Air                   2
   c - Static Discharge               Conjuration/Air              3
   d - Airstrike                      Air                          4
   e - Lightning Bolt                 Conjuration/Air              5
Comestibles
 c - 4 bread rations
 j - 2 royal jellies
 q - 2 meat rations


   Skills:
 - Level 1.7 Dodging
 - Level 1.7 Stealth
 + Level 4.0 Spellcasting
 * Level 4.6 Conjurations
 * Level 5.3 Air Magic


You had 4 spell levels left.
You knew the following spells:

 Your Spells              Type           Power        Failure   Level  Hunger
a - Shock                 Conj/Air       ####         3%          1    None
b - Swiftness             Chrm/Air       ###.....     10%         2    #......
c - Static Discharge      Conj/Air       ####....     8%          3    ###....
d - Airstrike             Air            ####......   21%         4    ####...


Dungeon Overview and Level Annotations

Branches:
Dungeon (5/15)
 Temple: D:4-7


Innate Abilities, Weirdness & Mutations

You have an increased reservoir of magic. (+10% MP)
You have supernaturally acute eyesight. (SInv)
You passively map a small area around you.
You occasionally shout uncontrollably at your foes.
You are weak. (Str -2)
Your spells are a little harder to cast, but a little more powerful.


Message History

The hobgoblin misses you. The hobgoblin closely misses you.
The hobgoblin misses you. The hobgoblin barely misses you.
The hobgoblin hits you.
* * * LOW HITPOINT WARNING * * *
The hobgoblin closely misses you. The hobgoblin misses you.
The hobgoblin misses you.
The hobgoblin hits you but does no damage.
The hobgoblin barely misses you. The hobgoblin misses you.
The hobgoblin hits you.
* * * LOW HITPOINT WARNING * * *
The hobgoblin barely misses you. The hobgoblin completely misses you.
The hobgoblin hits you but does no damage.
The hobgoblin hits you but does no damage.
The hobgoblin hits you.
You die...

#...##......* #.......# #.
#...##.....#######.#####.########
#...#............................
#...#................####..####..
#...#....(..####.P####..####..#..
#...#.......+, ####.[#..)..'..#..
#..#####)...# +..#.)#'##..#..#..
#'####.....##**#(g##'#..#######..
...........# #@##........+ #..
...........# #.....#####.# #..
...........##*+#..#'## +.#####.
............# ,#..#..# ,#..#..#.
............# ,#..#..# #..#..#.
...........P#+###.#.(# ##.###'#.
............#..('.#+##, #..#..†#.
.####.##....#...#.#, ,#..'..)'.
.####.##...######.# #+##.##'###.


You could see a hobgoblin.

Vanquished Creatures
  A sky beast (D:5)
  A black bear (D:5)
  Blork the orc (D:5)
  A crimson imp (D:4)
  A hound (D:4)
  A bullfrog skeleton (D:3)
  An orc priest (D:4)
  An iguana (D:4)
  5 worker ants
  2 orc wizards (D:4)
  A howler monkey zombie (D:5)
  3 adders
  A gnoll (D:5)
  A shadow imp (D:3)
  An adder skeleton (D:4)
  2 worms
  A dart slug (D:1)
  6 leopard geckos
  15 orcs
  A ball python (D:4)
  4 bats
  3 giant cockroaches
  15 goblins
  6 hobgoblins
  14 jackals
  2 quokkas
  3 frilled lizards
  A goblin skeleton (D:4)
  A goblin zombie (D:4)
  3 hobgoblin zombies (D:4)
  A jackal skeleton (D:4)
  6 kobolds
  A kobold skeleton (D:4)
  A kobold zombie (D:4)
  A leopard gecko skeleton (D:4)
  An orc skeleton (D:4)
  An orc zombie (D:4)
  A quokka skeleton (D:4)
  3 rats (D:1)
115 creatures vanquished.

Notes
Turn   | Place    | Note
-------+----------+-------------------------------------------
     0 | D:1      | manyhoops the Demigod Air Elementalist began the quest for the Orb.
     0 | D:1      | Reached XP level 1. HP: 14/14 MP: 5/5
    11 | D:1      | Reached skill level 1 in Conjurations
   167 | D:1      | Reached XP level 2. HP: 20/20 MP: 0/7
   176 | D:1      | Reached skill level 3 in Air Magic
  1217 | D:1      | Reached XP level 3. HP: 25/26 MP: 3/8
  1674 | D:2      | Found a deep blue altar of Sif Muna.
  1741 | D:2      | Found a faded altar of an unknown god.
  1849 | D:2      | Learned a level 2 spell: Swiftness
  1853 | D:2      | Learned a level 3 spell: Static Discharge
  2097 | D:2      | Found a sparkling altar of Nemelex Xobeh.
  2274 | D:3      | Found a bloodstained altar of Trog.
  2659 | D:3      | Reached XP level 4. HP: 31/33 MP: 3/10
  2851 | D:3      | Found a burning altar of Makhleb.
  3241 | D:4      | Found a glowing golden altar of the Shining One.
  3253 | D:4      | Reached XP level 5. HP: 28/38 MP: 0/12
  3540 | D:4      | Learned a level 4 spell: Airstrike
  3983 | D:4      | Reached skill level 4 in Air Magic
  4042 | D:4      | Reached XP level 6. HP: 38/45 MP: 0/13
  4442 | D:5      | Entered Level 5 of the Dungeon
  4455 | D:5      | Noticed Blork the orc
  4775 | D:5      | Killed Blork the orc
  5103 | D:5      | Reached skill level 5 in Air Magic
  5103 | D:5      | Reached XP level 7. HP: 50/50 MP: 4/15
  5229 | D:5      | Gained mutation: You occasionally shout uncontrollably at your foes. [mutagenic meat]
  5231 | D:5      | Gained mutation: You have supernaturally acute eyesight. (SInv) [mutagenic meat]
  5232 | D:5      | Gained mutation: You are weak. (Str -2) [mutagenic meat]
  5233 | D:5      | Gained mutation: Your spells are a little harder to cast, but a little more powerful. [mutagenic meat]
  5234 | D:5      | Gained mutation: You passively map a small area around you. [mutagenic meat]
  5567 | D:5      | Slain by a hobgoblin

Skill      XL: |  1  2  3  4  5  6  7 |
---------------+----------------------+-----
Conjurations   | 1 2 3 4 |  4.6
Spellcasting   | 2 3 4 |  4.0
Air Magic      | 3 4 5 |  5.3
Dodging        | |  1.7
Stealth        | |  1.7

Action                   |  1- 3 |  4- 6 |  7- 9 || total
-------------------------+-------+-------+-------++-------
Melee: Dagger            |    44 |    10 |       ||    54
       Flail             |       |     1 |     1 ||     2
 Cast: Shock             |    91 |   162 |    21 ||   274
       Static Discharge  |       |     1 |       ||     1
       Airstrike         |       |     2 |     2 ||     4
  Use: Potion            |     3 |       |       ||     3
       Scroll            |     4 |     6 |       ||    10
  Eat: Chunk             |     6 |     5 |     7 ||    18
       Fruit             |       |     3 |       ||     3
Armor: Robe              |    19 |    16 |    18 ||    53
Dodge: Dodged            |    47 |    21 |    62 ||   130
